Workbook
Name AMAZONAS: 'Departamentos_y_municipios_ (2'!$H$1093:$H$1103
Name Antioquia: 'Departamentos_y_municipios_ (2'!$H$2:$H$126
Name ARAUCA: 'Departamentos_y_municipios_ (2'!$H$1052:$H$1058
Name ATLÁNTICO: 'Departamentos_y_municipios_ (2'!$H$127:$H$149
Name BOLÍVAR: 'Departamentos_y_municipios_ (2'!$H$152:$H$197
Name BOYACÁ: 'Departamentos_y_municipios_ (2'!$H$198:$H$320
Name CALDAS: 'Departamentos_y_municipios_ (2'!$H$321:$H$347
Name CAQUETÁ: 'Departamentos_y_municipios_ (2'!$H$348:$H$363
Name CASANARE: 'Departamentos_y_municipios_ (2'!$H$1059:$H$1077
Name CAUCA: 'Departamentos_y_municipios_ (2'!$H$364:$H$405
Name CESAR: 'Departamentos_y_municipios_ (2'!$H$406:$H$430
Name CHOCÓ: 'Departamentos_y_municipios_ (2'!$H$578:$H$608
Name CÓRDOBA: 'Departamentos_y_municipios_ (2'!$H$431:$H$460
Name CUNDINAMARCA: 'Departamentos_y_municipios_ (2'!$H$461:$H$577
Name DIRECCIÓN_GENERAL: 'Departamentos_y_municipios_ (2'!$H$151
Name DISTRITO_CAPITAL: 'Departamentos_y_municipios_ (2'!$H$150
Name GUAINÍA: 'Departamentos_y_municipios_ (2'!$H$1104:$H$1112
Name GUAVIARE: 'Departamentos_y_municipios_ (2'!$H$1113:$H$1116
Name HUILA: 'Departamentos_y_municipios_ (2'!$H$609:$H$645
Name LA_GUAJIRA: 'Departamentos_y_municipios_ (2'!$H$646:$H$660
Name MAGDALENA: 'Departamentos_y_municipios_ (2'!$H$661:$H$690
Name META: 'Departamentos_y_municipios_ (2'!$H$691:$H$719
Name NARIÑO: 'Departamentos_y_municipios_ (2'!$H$720:$H$783
Name NOM_BPIN: '[1]RUBROS X BPIN '!$A$2:$D$338
Name NORTE_DE_SANTANDER: 'Departamentos_y_municipios_ (2'!$H$784:$H$823
Name PUTUMAYO: 'Departamentos_y_municipios_ (2'!$H$1078:$H$1090
Name QUINDÍO: 'Departamentos_y_municipios_ (2'!$H$824:$H$835
Name Regional_Antioquia: #REF!
Name Regional_Valle: #REF!
Name regionales: [2]regionales!$A$1:$B$34
Name RISARALDA: 'Departamentos_y_municipios_ (2'!$H$836:$H$849
Name SAN_ANDRES_Y_PROVIDENCIA: 'Departamentos_y_municipios_ (2'!$H$1091:$H$1092
Name SANTANDER: 'Departamentos_y_municipios_ (2'!$H$850:$H$936
Name SUCRE: 'Departamentos_y_municipios_ (2'!$H$937:$H$962
Name TOLIMA: 'Departamentos_y_municipios_ (2'!$H$963:$H$1009
Name VALLE_DEL_CAUCA: 'Departamentos_y_municipios_ (2'!$H$1010:$H$1051
Name VAUPÉS: 'Departamentos_y_municipios_ (2'!$H$1117:$H$1122
Name VICHADA: 'Departamentos_y_municipios_ (2'!$H$1123:$H$1126

Sheet INSTRUCCIONES
D1: Versión:09
D2: Código: GIL-F-047
B3: PROCESO
B4: GESTIÓN DE INFRAESTRUCTURA Y LOGÍSTICA
B5: NOMBRE DEL FORMATO
B6: FORMATO DE CONSTRUCCIONES EN CURSO
B7: CLASIFICACIÓN DE LA INFORMACIÓN
B8: Pública | C8: Pública Clasificada | D8: Pública Reservada
B9: INSTRUCCIONES PARA EL DILIGENCIAMIENTO DEL FORMATO
B10: NO IMPRIMIR
B11: 1. Generalidades
B12: Este formato debe ser diligenciado por el supervisor de cada uno de estos contratos, los profesionales homólogos del grupo de Infraestructura, con el apoyo del profesional del área de Contabilidad de cada Centro de Formación, Regional y Dirección General, en caso de ser requerido.
B13: Este formato debe ser diligenciado con el soporte GIL-F-029 "Certificación Contrato para Intervenciones a inmuebles"
B14: Este formato debe contener, además de los pagos de contratos de obra e interventoría, aquellos que se requieran para colocar en condiciones de uso el inmueble. Tales como: licencias, estudios, entre otros.
B15: Este formato debe diligenciarse de manera mensual, con la información de los pagos y legalizaciones o amortizaciones realizadas para cada uno de los contratos de obra y relacionados.
B16: Al momento del diligenciamiento se debe tener en cuenta que de seleccionar SI en la columna ¿OBRA TERMINADA Y EN CONDICIONES DE USO?, se deben tener los documentos soportes como actas y demás que certifiquen la terminación y recibo a satisfacción de la obra por parte de la entidad, de acuerdo a lo enunciado en la guía GIL-G-005 "Guía para la Identificación de Hechos Económicos Presentados en los Inmuebles del SENA"
B17: Toda obra que se termine, debe registrarse en el Formato GIL-F-045 "Formato Reporte de reconocimiento de obras terminadas" y diligenciarlo de acuerdo a las instrucciones de este.
B18: El profesional de contabilidad de la Regional, Centro de formación o Direccion general encargado de apoyar y consolidar, debe verificar que la sumatoria de los valores ingresados como afectación a la cuenta 1615 columna "VALOR TOTAL PAGADO CONSTRUCCION EN CURSO/CONTRATO" debe ser igual al saldo que registra la cuenta en el sistema SIIF Nación II al corte del mes a reportar, de no ser así debe dar la alerta al supervisor para su revisión.
B19: 2. Instrucciones para diligenciar las casillas
B20: CAMPO | C20: DESCRIPCIÓN CAMPO
B21: INFORMACION DE OBRA Y CONTRATO
B22: ITEM | C22: Consecutivo numérico que identifica el orden dentro del cuadro, de cada una de los registros de las transacciones realizadas.
B23: PROYECTO REFERENTE | C23: Nombre de la obra en curso la cual agrupa los distintos contratos ya sean de obra, interventoría, pago de licencias, entre otros, que conforman la totalidad de la inversión, identificando el proyecto a nivel general; pero este debe incluir si maneja contratos para la licencia, estudios y diseños, interventorías, consultorías y el contrato de obra.
B24: NOMBRE REGIONAL O CENTRO DE FORMACIÓN EJECUCIÓN PRESUPUESTAL | C24: Nombre del Centro de Formación o Regional el cual suscribió el contrato. Seleccionar de la lista desplegable.
B25: CÓDIGO PCI EJECUCIÓN PRESUPUESTAL | C25: Código de la posición del catalogo institucional del centro de costo por el cual se esta realizando la ejecución presupuestal de la obra. Campo formulado por favor no modificar.
B26: CIUDAD O MUNICIPIO | C26: Diligenciar con la información correspondiente.
B27: NOMBRE REGIONAL O CENTRO DE FORMACIÓN EJECUCIÓN DE OBRA | C27: Seleccione de la lista, el nombre de la Regional a la cual pertenece el bien inmueble en el cual se realiza la intervención.
B28: CODIGO PCI EJECUCION DE OBRA | C28: Código de la posición del catalogo institucional del centro de costo al cual fue asignado el inmueble en el que se está desarrollando la obra. Campo formulado, por favor no modificar.
B29: DIRECCIÓN DEL INMUEBLE OBJETO DE LA OBRA | C29: Dirección del Inmueble sobre el cual se está adelantando la obra tal como se muestra en el avalúo.
B30: LINK DEL SECOP II | C30: Adjuntar el enlace que dirigirá al contrato de la obra en el SECOP II.
B31: No. CÉDULA O NIT DEL CONTRATISTA | C31: Número de documento de identificación del contratista de obra, interventoría o municipio en caso de pago de licencias y otros.
B32: NOMBRE TERCERO CONTRATISTA | C32: Nombre del contratista de obra, interventoría o municipio en caso de pago de licencias y otros.
B33: CONTRATO No. | C33: Número del contrato suscrito por la entidad por medio del cual se adquieren los bienes y servicios. En caso de pagos de licencias u otros diferentes a contratos, se debe registrar el número de la resolución que autoriza el pago o numero de factura que se está pagando.
... B40: OBJETO/ DESCRIPCIÓN | C40: Objeto con el cual se suscribió el contrato. Para el caso de pago de licencias u otros conceptos, ingresar el concepto del pago.
B41: OBLIGACIONES Y AMORTIZACIONES DE ANTICIPOS
B42: TIPO DE REGISTRO | C42: Seleccionar de la lista desplegable si el registro que se está ingresando, corresponde al pago de una obligación o al registro de una amortización de un anticipo.
B43: NÚMERO DE REGISTRO | C43: Consecutivo numérico del registro de la legalización o amortización del anticipo, que se genera por parte de la persona de contabilidad en el Sistema SIIF Nación II.
B44: CÓDIGO CONTABLE AFECTADO EN LA OBLIGACION O AMORTIZACIÓN | C44: Código contable que identifica la afectación en el registro de la obligación o amortización de anticipo, por parte del profesional de cuentas por pagar. Por favor seleccionar la cuenta y tener en cuenta que si alguna licencia o pago no desarrolla una obra, hasta tanto no se asignen recursos, se incluye en la cuenta de construcciones no explotadas para llevar el control.
B45: FECHA DE LA OBLIGACIÓN O AMORTIZACIÓN | C45: Fecha del registro de la obligación o amortización en el sistema SIIF Nación II.
B46: VALOR DE LA OBLIGACIÓN O AMORTIZACIÓN | C46: Valor por el cual se registra la obligación o amortización del anticipo.
B47: VALOR DE IVA | C47: Ingresar el valor de IVA reportado en la factura objeto de pago. Tener en cuenta que este corresponde únicamente al valor del IVA más no a la información de la obligación del pago de IVA.
B48: CONCEPTO DEL PAGO O AMORTIZACIÓN | C48: Concepto o descripción del pago o amortización que se realiza.
B50: VALOR TOTAL PAGADO CONSTRUCCION EN CURSO/CONTRATO Afectado a cuenta 1615 | C50: Valor total afectado a la cuenta contable 1615-Construcciones en Curso, en cada una de las transacciones, ya sea por pago de las obligaciones o amortizaciones de los anticipos. Campo formulado por favor no modificar la fórmula. En caso de adicionar filas al Excel es necesario copiar y pegar la formula en estos nuevos campos.
B51: PORCENTAJE DE AVANCE LA OBRA | C51: Porcentaje del avance la obra. Este debe ser actualizado mes a mes, de acuerdo a los pagos realizados de la obra y al avance de la misma.
B52: FIN DE OBRA
B53: ¿OBRA TERMINADA Y EN CONDICIONES DE USO? | C53: Se debe seleccionar de la lista SI o NO, teniendo en cuenta el estado de la obra que se está realizando. Este campo debe ser igual para todos los contratos que se agrupan por obra referente.
B54: ESTADO DEL CONTRATO | C54: Indicar el estado del contrato y si presenta alguna novedad.
B55: OBSERVACIONES | C55: Diligenciar la información necesaria para validar el estado del contrato o el reconocimiento del mismo, así como incumplimientos entre otros.
B56: NOMBRES DE RESPONSABLES DE LA INFORMACIÓN
B57: SUPERVISOR | C57: Nombre del supervisor del contrato.
B58: SUPERVISOR DELEGADO ACTUALMENTE | C58: Nombre del supervisor delegado actualmente.
B59: COORDINADOR GRUPO ADMINISTRATIVO MIXTO Y/O COORD INFRAESTRUCTURA (DG) | C59: Nombre del Coordinador del grupo administrativo que revisa y envía la información. Para el caso de Dirección General, el nombre del coordinador del grupo de Infraestructura.

Sheet FORMATO GIL-F-047
AI1: Versión: 09
AI2: Código: GIL-F- 047
B3: PROCESO
B4: GESTIÓN DE INFRAESTRUCTURA Y LOGÍSTICA
B5: NOMBRE DEL FORMATO
B6: FORMATO DE CONSTRUCCIONES EN CURSO
B7: CLASIFICACIÓN DE LA INFORMACIÓN
B8: Pública | M8: Pública Clasificada | Y8: Pública Reservada
B9: CORTE AL MES DE _______ DE ______
B10: POR FAVOR LEER LAS INSTRUCCIONES ANTES DE DILIGENCIAR (CLIC AQUÍ)
B11: INFORMACIÓN DE OBRA Y CONTRATO | U11: OBLIGACIONES Y AMORTIZACIONES DE ANTICIPOS | AB11: VALOR TOTAL PAGADO CONSTRUCCIÓN EN CURSO/CONTRATO Afectado a cuenta 1615 | AC11: PORCENTAJE DE AVANCE LA OBRA DE ACUERDO CON PROGRAMACIÓN DE OBRA | AD11: FIN DE OBRA | AG11: NOMBRES DE RESPONSABLES DE LA INFORMACIÓN
B12: ITEM | C12: PROYECTO REFERENTE | D12: NOMBRE REGIONAL O CENTRO DE FORMACIÓN EJECUCIÓN PRESUPUESTAL | E12: CÓDIGO PCI EJECUCIÓN PRESUPUESTAL | F12: CIUDAD O MUNICIPIO | G12: NOMBRE REGIONAL O CENTRO DE FORMACIÓN EJECUCIÓN DE OBRA | H12: CÓDIGO PCI EJECUCIÓN DE OBRA | I12: DIRECCIÓN DEL INMUEBLE OBJETO DE LA OBRA | J12: LINK SECOP II | K12: No. CÉDULA O NIT DEL CONTRATISTA | L12: NOMBRE TERCERO CONTRATISTA | M12: CONTRATO No. | N12: FECHA DEL CONTRATO (DD-MM-AA) | O12: FECHA DE INICIO (DD-MM-AA) | P12: FECHA ESTIMADA DE TERMINACIÓN DE LA OBRA (DD-MM-AA) | Q12: VALOR INICIAL DEL CONTRATO | R12: ADICIONES O DISMINUCIONES AL VALOR DEL CONTRATO | S12: VALOR TOTAL DEL CONTRATO | T12: OBJETO/ DESCRIPCIÓN | U12: TIPO DE REGISTRO | V12: NÚMERO DE REGISTRO | W12: CÓDIGO CONTABLE AFECTADO EN LA OBLIGACIÓN O AMORTIZACIÓN | X12: FECHA DE LA OBLIGACIÓN O AMORTIZACIÓN (DD-MM-AA) | Y12: VALOR DE LA OBLIGACIÓN O AMORTIZACIÓN | Z12: VALOR DE IVA | AA12: CONCEPTO DEL PAGO O AMORTIZACIÓN | AD12: ¿OBRA TERMINADA Y EN CONDICIONES DE USO? | AE12: ESTADO CONTRATO | AF12: OBSERVACIONES | AG12: SUPERVISOR DEL CONTRATO | AH12: SUPERVISOR DELEGADO ACTUALMENTE | AI12: COORDINADOR GRUPO ADMINISTRATIVO MIXTO Y/O COORD INFRAESTRUCTURA (DG)
B13: 1 | C13: CO1.PCCNTR.8516891 | D13: DISTRITO CAPITAL Centro Para La Industria De La Comunicación Gráfica | E13: =+VLOOKUP(D13,'LISTADO PCI''s'!$A$2:$C$153,3,0) -> 36-02-00-011-921710 | F13: BOGOTÁ | G13: DISTRITO CAPITAL Centro Para La Industria De La Comunicación Gráfica | H13: =+VLOOKUP(G13,'LISTADO PCI''s'!$A$2:$C$153,3,0) -> 36-02-00-011-921710 | I13: Cl. 15 #31-42 | J13: https://community.secop.gov.co/Public/Tendering/ContractNoticePhases/View?PPI=CO1.PPI.42793622&isFromPublicArea=True&isModal=False | K13: 900342685 | L13: EDIZA INGENIEROS SAS | M13: CO1.PCCNTR.8516891 | N13: 45967 | O13: 45967 | P13: 46010 | Q13: 81269930 | R13: 38730070 | S13: =+Q13+R13 -> 120000000 | T13: CONTRATAR EL REEMPLAZO DE LA CUBIERTA TRASLUCIDA ENPOLICARBONATO TERRAZA SEGUNDO PISO DEL CENTRO PARA LA INDUSTRIA DE LA COMUNICACIÓN GRAFICA | U13: OBLIGACION | V13: 362125 - 362225 | W13: 161501001 | X13: 46019 | Y13: 120000000 | Z13: 749014.45 | AA13: Pago único por el reemplazo de la cubierta traslúcida en policarbonato en la terraza segundo piso del CENTRO PARA LA INDUSTRIA DE LA COMUNICACIÓN GRAFICA, contrato No. CO1.PCCNTR. 8516891, por ejecución completa de la obra. | AB13: =+Y13-Z13 -> 1.1925099e+08 | AC13: 1 | AD13: SI | AE13: FINALIZADO | AF13: NINGUNA | AG13: Carlos Mario Insignares Guerra | AH13: Carlos Mario Insignares Guerra | AI13: Juan Ricardo Montealegre Franco
B14: =+B13+1 -> 2 | E14: =+VLOOKUP(D14,'LISTADO PCI''s'!$A$2:$C$153,3,0) -> #N/A | H14: =+VLOOKUP(G14,'LISTADO PCI''s'!$A$2:$C$153,3,0) -> #N/A | S14: =+Q14+R14 -> 0 | AB14: =+Y14-Z14 -> 0
B15: =+B14+1 -> 3 | E15: =+VLOOKUP(D15,'LISTADO PCI''s'!$A$2:$C$153,3,0) -> #N/A | H15: =+VLOOKUP(G15,'LISTADO PCI''s'!$A$2:$C$153,3,0) -> #N/A | S15: =+Q15+R15 -> 0 | AB15: =+Y15-Z15 -> 0
B16: =+B15+1 -> 4 | E16: =+VLOOKUP(D16,'LISTADO PCI''s'!$A$2:$C$153,3,0) -> #N/A | H16: =+VLOOKUP(G16,'LISTADO PCI''s'!$A$2:$C$153,3,0) -> #N/A | S16: =+Q16+R16 -> 0 | AB16: =+Y16-Z16 -> 0
B17: =+B16+1 -> 5 | E17: =+VLOOKUP(D17,'LISTADO PCI''s'!$A$2:$C$153,3,0) -> #N/A | H17: =+VLOOKUP(G17,'LISTADO PCI''s'!$A$2:$C$153,3,0) -> #N/A | S17: =+Q17+R17 -> 0 | AB17: =+Y17-Z17 -> 0
B18: =+B17+1 -> 6 | E18: =+VLOOKUP(D18,'LISTADO PCI''s'!$A$2:$C$153,3,0) -> #N/A | H18: =+VLOOKUP(G18,'LISTADO PCI''s'!$A$2:$C$153,3,0) -> #N/A | S18: =+Q18+R18 -> 0 | AB18: =+Y18-Z18 -> 0
B19: =+B18+1 -> 7 | E19: =+VLOOKUP(D19,'LISTADO PCI''s'!$A$2:$C$153,3,0) -> #N/A | H19: =+VLOOKUP(G19,'LISTADO PCI''s'!$A$2:$C$153,3,0) -> #N/A | S19: =+Q19+R19 -> 0 | AB19: =+Y19-Z19 -> 0
B20: =+B19+1 -> 8 | E20: =+VLOOKUP(D20,'LISTADO PCI''s'!$A$2:$C$153,3,0) -> #N/A | H20: =+VLOOKUP(G20,'LISTADO PCI''s'!$A$2:$C$153,3,0) -> #N/A | S20: =+Q20+R20 -> 0 | AB20: =+Y20-Z20 -> 0
B21: =+B20+1 -> 9 | E21: =+VLOOKUP(D21,'LISTADO PCI''s'!$A$2:$C$153,3,0) -> #N/A | H21: =+VLOOKUP(G21,'LISTADO PCI''s'!$A$2:$C$153,3,0) -> #N/A | S21: =+Q21+R21 -> 0 | AB21: =+Y21-Z21 -> 0
B22: =+B21+1 -> 10 | E22: =+VLOOKUP(D22,'LISTADO PCI''s'!$A$2:$C$153,3,0) -> #N/A | H22: =+VLOOKUP(G22,'LISTADO PCI''s'!$A$2:$C$153,3,0) -> #N/A | S22: =+Q22+R22 -> 0 | AB22: =+Y22-Z22 -> 0
B23: =+B22+1 -> 11 | E23: =+VLOOKUP(D23,'LISTADO PCI''s'!$A$2:$C$153,3,0) -> #N/A | H23: =+VLOOKUP(G23,'LISTADO PCI''s'!$A$2:$C$153,3,0) -> #N/A | S23: =+Q23+R23 -> 0 | AB23: =+Y23-Z23 -> 0
B24: =+B23+1 -> 12 | E24: =+VLOOKUP(D24,'LISTADO PCI''s'!$A$2:$C$153,3,0) -> #N/A | H24: =+VLOOKUP(G24,'LISTADO PCI''s'!$A$2:$C$153,3,0) -> #N/A | S24: =+Q24+R24 -> 0 | AB24: =+Y24-Z24 -> 0
B25: =+B24+1 -> 13 | E25: =+VLOOKUP(D25,'LISTADO PCI''s'!$A$2:$C$153,3,0) -> #N/A | H25: =+VLOOKUP(G25,'LISTADO PCI''s'!$A$2:$C$153,3,0) -> #N/A | S25: =+Q25+R25 -> 0 | AB25: =+Y25-Z25 -> 0
... B33: =+B32+1 -> 21 | E33: =+VLOOKUP(D33,'LISTADO PCI''s'!$A$2:$C$153,3,0) -> #N/A | H33: =+VLOOKUP(G33,'LISTADO PCI''s'!$A$2:$C$153,3,0) -> #N/A | S33: =+Q33+R33 -> 0 | AB33: =+Y33-Z33 -> 0
B34: TOTAL CUENTA 1615 CONSTRUCCIONES EN CURSO | AB34: =SUM(AB13:AB33) -> 1.1925099e+08

Sheet LISTAS
A1: TIPO DE REGISTRO
A2: OBLIGACION | C2: SI
A3: AMORTIZACION DE ANTICIPO | C3: NO
A6: 161501001
A7: 161504001
A8: 161505001
A9: 161590001
A10: 163702001
A11: 163702002
A12: 163702003
A13: 163702004

Sheet LISTADO PCI's
A1: CONCATENADO | B1: REGIONAL | C1: PCI | D1: Descripción | G1: REGIONAL
A2: =+B2&" "&D2 -> DIRECCIÓN GENERAL Dirección General | B2: DIRECCIÓN GENERAL | C2: 36-02-00-001-0000 | D2: Dirección General | G2: DIRECCIÓN GENERAL
A3: =+B3&" "&D3 -> ANTIOQUIA Dirección Regional | B3: ANTIOQUIA | C3: 36-02-00-005-000000 | D3: Dirección Regional | G3: ANTIOQUIA
A4: =+B4&" "&D4 -> ANTIOQUIA Centro De Los Recursos Naturales Renovables-La Salada | B4: ANTIOQUIA | C4: 36-02-00-005-910110 | D4: Centro De Los Recursos Naturales Renovables-La Salada | G4: ATLÁNTICO
A5: =+B5&" "&D5 -> ANTIOQUIA Centro De Formación Profesional Minero Ambiental | B5: ANTIOQUIA | C5: 36-02-00-005-912710 | D5: Centro De Formación Profesional Minero Ambiental | G5: DISTRITO CAPITAL
A6: =+B6&" "&D6 -> ANTIOQUIA Centro De Diseño Y Manufactura Del Cuero | B6: ANTIOQUIA | C6: 36-02-00-005-920110 | D6: Centro De Diseño Y Manufactura Del Cuero | G6: BOLÍVAR
A7: =+B7&" "&D7 -> ANTIOQUIA Centro De Formación En Diseño, Confección y Moda | B7: ANTIOQUIA | C7: 36-02-00-005-920210 | D7: Centro De Formación En Diseño, Confección y Moda | G7: BOYACÁ
A8: =+B8&" "&D8 -> ANTIOQUIA Centro Para El Desarrollo Del Hábitat Y la Construcción. | B8: ANTIOQUIA | C8: 36-02-00-005-920310 | D8: Centro Para El Desarrollo Del Hábitat Y la Construcción. | G8: CALDAS
A9: =+B9&" "&D9 -> ANTIOQUIA Centro De Tecnología De La Manufactura Avanzada | B9: ANTIOQUIA | C9: 36-02-00-005-920410 | D9: Centro De Tecnología De La Manufactura Avanzada | G9: CAQUETÁ
A10: =+B10&" "&D10 -> ANTIOQUIA Centro Tecnológico Del Mobiliario | B10: ANTIOQUIA | C10: 36-02-00-005-920510 | D10: Centro Tecnológico Del Mobiliario | G10: CAUCA
A11: =+B11&" "&D11 -> ANTIOQUIA Centro Textil y De Gestión Industrial | B11: ANTIOQUIA | C11: 36-02-00-005-920610 | D11: Centro Textil y De Gestión Industrial | G11: CESAR
A12: =+B12&" "&D12 -> ANTIOQUIA Centro De Comercio | B12: ANTIOQUIA | C12: 36-02-00-005-930110 | D12: Centro De Comercio | G12: CÓRDOBA
A13: =+B13&" "&D13 -> ANTIOQUIA Centro De Servicios De Salud | B13: ANTIOQUIA | C13: 36-02-00-005-940110 | D13: Centro De Servicios De Salud | G13: CUNDINAMARCA
... A35: =+B35&" "&D35 -> BOYACÁ Centro De Desarrollo Agropecuario Y Agroindustrial | B35: BOYACÁ | C35: 36-02-00-015-911010 | D35: Centro De Desarrollo Agropecuario Y Agroindustrial | G35: VICHADA
A36: =+B36&" "&D36 -> BOYACÁ Centro Minero | B36: BOYACÁ | C36: 36-02-00-015-911110 | D36: Centro Minero
A37: =+B37&" "&D37 -> BOYACÁ Centro De Gestión Administrativa Y Fortalecimiento Empresarial | B37: BOYACÁ | C37: 36-02-00-015-930510 | D37: Centro De Gestión Administrativa Y Fortalecimiento Empresarial
A38: =+B38&" "&D38 -> BOYACÁ Centro Industrial De Mantenimiento Y Manufactura | B38: BOYACÁ | C38: 36-02-00-015-951410 | D38: Centro Industrial De Mantenimiento Y Manufactura
A39: =+B39&" "&D39 -> BOYACÁ Centro de la innovación Agroindustrial y de Servicios. | B39: BOYACÁ | C39: 36-02-00-015-955110 | D39: Centro de la innovación Agroindustrial y de Servicios.
A40: =+B40&" "&D40 -> CALDAS Dirección Regional | B40: CALDAS | C40: 36-02-00-017-000000 | D40: Dirección Regional
A41: =+B41&" "&D41 -> CALDAS Centro Para La Formación Cafetera | B41: CALDAS | C41: 36-02-00-017-911210 | D41: Centro Para La Formación Cafetera
A42: =+B42&" "&D42 -> CALDAS Centro De Automatización Industrial | B42: CALDAS | C42: 36-02-00-017-921910 | D42: Centro De Automatización Industrial
A43: =+B43&" "&D43 -> CALDAS Centro De Procesos Industriales y Construcción. | B43: CALDAS | C43: 36-02-00-017-922010 | D43: Centro De Procesos Industriales y Construcción.
A44: =+B44&" "&D44 -> CALDAS Centro De Comercio Y Servicios | B44: CALDAS | C44: 36-02-00-017-930610 | D44: Centro De Comercio Y Servicios
A45: =+B45&" "&D45 -> CALDAS Centro Pecuario Y Agroempresarial | B45: CALDAS | C45: 36-02-00-017-951510 | D45: Centro Pecuario Y Agroempresarial
A46: =+B46&" "&D46 -> CAQUETÁ Dirección Regional | B46: CAQUETÁ | C46: 36-02-00-018-000000 | D46: Dirección Regional
A47: =+B47&" "&D47 -> CAQUETÁ Centro Tecnológico De La Amazonia | B47: CAQUETÁ | C47: 36-02-00-018-951610 | D47: Centro Tecnológico De La Amazonia
... A153: =+B153&" "&D153 -> VICHADA Centro De Producción Y Transformación Agroindustrial de la Orinoquía | B153: VICHADA | C153: 36-02-00-099-953110 | D153: Centro De Producción Y Transformación Agroindustrial de la Orinoquía

Sheet Departamentos_y_municipios_ (2
A1: REGION | B1: CÓDIGO DANE DEL DEPARTAMENTO | C1: DEPARTAMENTO | E1: CÓDIGO DANE DEL DEPARTAMENTO | G1: MUNICIPIO | H1: MUNICIPIO FINAL
A2: Región Eje Cafetero - Antioquia | B2: 05 | C2: ANTIOQUIA | D2: =+E2&F2 -> 05001 | E2: 05 | F2: 001 | G2: Medellín | H2: Medellín 05001
A3: Región Eje Cafetero - Antioquia | B3: 05 | C3: ANTIOQUIA | D3: =+E3&F3 -> 05002 | E3: 05 | F3: 002 | G3: Abejorral | H3: Abejorral 05002
A4: Región Eje Cafetero - Antioquia | B4: 05 | C4: ANTIOQUIA | D4: =+E4&F4 -> 05004 | E4: 05 | F4: 004 | G4: Abriaquí | H4: Abriaquí 05004
A5: Región Eje Cafetero - Antioquia | B5: 05 | C5: ANTIOQUIA | D5: =+E5&F5 -> 05021 | E5: 05 | F5: 021 | G5: Alejandría | H5: Alejandría 05021
A6: Región Eje Cafetero - Antioquia | B6: 05 | C6: ANTIOQUIA | D6: =+E6&F6 -> 05030 | E6: 05 | F6: 030 | G6: Amagá | H6: Amagá 05030
A7: Región Eje Cafetero - Antioquia | B7: 05 | C7: ANTIOQUIA | D7: =+E7&F7 -> 05031 | E7: 05 | F7: 031 | G7: Amalfi | H7: Amalfi 05031
A8: Región Eje Cafetero - Antioquia | B8: 05 | C8: ANTIOQUIA | D8: =+E8&F8 -> 05034 | E8: 05 | F8: 034 | G8: Andes | H8: Andes 05034
A9: Región Eje Cafetero - Antioquia | B9: 05 | C9: ANTIOQUIA | D9: =+E9&F9 -> 05036 | E9: 05 | F9: 036 | G9: Angelópolis | H9: Angelópolis 05036
A10: Región Eje Cafetero - Antioquia | B10: 05 | C10: ANTIOQUIA | D10: =+E10&F10 -> 05038 | E10: 05 | F10: 038 | G10: Angostura | H10: Angostura 05038
A11: Región Eje Cafetero - Antioquia | B11: 05 | C11: ANTIOQUIA | D11: =+E11&F11 -> 05040 | E11: 05 | F11: 040 | G11: Anorí | H11: Anorí 05040
A12: Región Eje Cafetero - Antioquia | B12: 05 | C12: ANTIOQUIA | D12: =+E12&F12 -> 05044 | E12: 05 | F12: 044 | G12: Anza | H12: Anza 05044
A13: Región Eje Cafetero - Antioquia | B13: 05 | C13: ANTIOQUIA | D13: =+E13&F13 -> 05045 | E13: 05 | F13: 045 | G13: Apartadó | H13: Apartadó 05045
... A20: Región Eje Cafetero - Antioquia | B20: 05 | C20: ANTIOQUIA | D20: =+E20&F20 -> 05093 | E20: 05 | F20: 093 | G20: Betulia | H20: Betulia 05093
A21: Región Eje Cafetero - Antioquia | B21: 05 | C21: ANTIOQUIA | D21: =+E21&F21 -> 05101 | E21: 05 | F21: 101 | G21: Ciudad Bolívar | H21: Ciudad Bolívar 05101
A22: Región Eje Cafetero - Antioquia | B22: 05 | C22: ANTIOQUIA | D22: =+E22&F22 -> 05107 | E22: 05 | F22: 107 | G22: Briceño | H22: Briceño 05107
A23: Región Eje Cafetero - Antioquia | B23: 05 | C23: ANTIOQUIA | D23: =+E23&F23 -> 05113 | E23: 05 | F23: 113 | G23: Buriticá | H23: Buriticá 05113
A24: Región Eje Cafetero - Antioquia | B24: 05 | C24: ANTIOQUIA | D24: =+E24&F24 -> 05120 | E24: 05 | F24: 120 | G24: Cáceres | H24: Cáceres 05120
A25: Región Eje Cafetero - Antioquia | B25: 05 | C25: ANTIOQUIA | D25: =+E25&F25 -> 05125 | E25: 05 | F25: 125 | G25: Caicedo | H25: Caicedo 05125
A26: Región Eje Cafetero - Antioquia | B26: 05 | C26: ANTIOQUIA | D26: =+E26&F26 -> 05129 | E26: 05 | F26: 129 | G26: Caldas | H26: Caldas 05129
A27: Región Eje Cafetero - Antioquia | B27: 05 | C27: ANTIOQUIA | D27: =+E27&F27 -> 05134 | E27: 05 | F27: 134 | G27: Campamento | H27: Campamento 05134
A28: Región Eje Cafetero - Antioquia | B28: 05 | C28: ANTIOQUIA | D28: =+E28&F28 -> 05138 | E28: 05 | F28: 138 | G28: Cañasgordas | H28: Cañasgordas 05138
A29: Región Eje Cafetero - Antioquia | B29: 05 | C29: ANTIOQUIA | D29: =+E29&F29 -> 05142 | E29: 05 | F29: 142 | G29: Caracolí | H29: Caracolí 05142
A30: Región Eje Cafetero - Antioquia | B30: 05 | C30: ANTIOQUIA | D30: =+E30&F30 -> 05145 | E30: 05 | F30: 145 | G30: Caramanta | H30: Caramanta 05145
A31: Región Eje Cafetero - Antioquia | B31: 05 | C31: ANTIOQUIA | D31: =+E31&F31 -> 05147 | E31: 05 | F31: 147 | G31: Carepa | H31: Carepa 05147
A32: Región Eje Cafetero - Antioquia | B32: 05 | C32: ANTIOQUIA | D32: =+E32&F32 -> 05150 | E32: 05 | F32: 150 | G32: Carolina | H32: Carolina 05150
... A116: Región Eje Cafetero - Antioquia | B116: 05 | C116: ANTIOQUIA | D116: =+E116&F116 -> 05756 | E116: 05 | F116: 756 | G116: Sonsón | H116: Sonsón 05756
A117: Región Eje Cafetero - Antioquia | B117: 05 | C117: ANTIOQUIA | D117: =+E117&F117 -> 05086 | E117: 05 | F117: 086 | G117: Belmira | H117: Belmira 05086
A118: Región Eje Cafetero - Antioquia | B118: 05 | C118: ANTIOQUIA | D118: =+E118&F118 -> 05665 | E118: 05 | F118: 665 | G118: San Pedro de Uraba | H118: San Pedro de Uraba 05665
A119: Región Eje Cafetero - Antioquia | B119: 05 | C119: ANTIOQUIA | D119: =+E119&F119 -> 05042 | E119: 05 | F119: 042 | G119: Santafé de Antioquia | H119: Santafé de Antioquia 05042
A120: Región Eje Cafetero - Antioquia | B120: 05 | C120: ANTIOQUIA | D120: =+E120&F120 -> 05686 | E120: 05 | F120: 686 | G120: Santa Rosa de Osos | H120: Santa Rosa de Osos 05686
A121: Región Eje Cafetero - Antioquia | B121: 05 | C121: ANTIOQUIA | D121: =+E121&F121 -> 05647 | E121: 05 | F121: 647 | G121: San Andrés de Cuerquía | H121: San Andrés de Cuerquía 05647
A122: Región Eje Cafetero - Antioquia | B122: 05 | C122: ANTIOQUIA | D122: =+E122&F122 -> 05873 | E122: 05 | F122: 873 | G122: Vigía del Fuerte | H122: Vigía del Fuerte 05873
A123: Región Eje Cafetero - Antioquia | B123: 05 | C123: ANTIOQUIA | D123: =+E123&F123 -> 05658 | E123: 05 | F123: 658 | G123: San José de La Montaña | H123: San José de La Montaña 05658
A124: Región Eje Cafetero - Antioquia | B124: 05 | C124: ANTIOQUIA | D124: =+E124&F124 -> 05659 | E124: 05 | F124: 659 | G124: San Juan de Urabá | H124: San Juan de Urabá 05659
A125: Región Eje Cafetero - Antioquia | B125: 05 | C125: ANTIOQUIA | D125: =+E125&F125 -> 05148 | E125: 05 | F125: 148 | G125: El Carmen de Viboral | H125: El Carmen de Viboral 05148
A126: Región Eje Cafetero - Antioquia | B126: 05 | C126: ANTIOQUIA | D126: =+E126&F126 -> 05649 | E126: 05 | F126: 649 | G126: San Carlos | H126: San Carlos 05649
A127: Región Caribe | B127: 08 | C127: ATLÁNTICO | D127: =+E127&F127 -> 08001 | E127: 08 | F127: 001 | G127: Barranquilla | H127: Barranquilla 08001
A128: Región Caribe | B128: 08 | C128: ATLÁNTICO | D128: =+E128&F128 -> 08078 | E128: 08 | F128: 078 | G128: Baranoa | H128: Baranoa 08078
A129: Región Caribe | B129: 08 | C129: ATLÁNTICO | D129: =+E129&F129 -> 08141 | E129: 08 | F129: 141 | G129: Candelaria | H129: Candelaria 08141
A130: Región Caribe | B130: 08 | C130: ATLÁNTICO | D130: =+E130&F130 -> 08296 | E130: 08 | F130: 296 | G130: Galapa | H130: Galapa 08296
A131: Región Caribe | B131: 08 | C131: ATLÁNTICO | D131: =+E131&F131 -> 08421 | E131: 08 | F131: 421 | G131: Luruaco | H131: Luruaco 08421
A132: Región Caribe | B132: 08 | C132: ATLÁNTICO | D132: =+E132&F132 -> 08433 | E132: 08 | F132: 433 | G132: Malambo | H132: Malambo 08433
A133: Región Caribe | B133: 08 | C133: ATLÁNTICO | D133: =+E133&F133 -> 08436 | E133: 08 | F133: 436 | G133: Manatí | H133: Manatí 08436
A134: Región Caribe | B134: 08 | C134: ATLÁNTICO | D134: =+E134&F134 -> 08549 | E134: 08 | F134: 549 | G134: Piojó | H134: Piojó 08549
A135: Región Caribe | B135: 08 | C135: ATLÁNTICO | D135: =+E135&F135 -> 08558 | E135: 08 | F135: 558 | G135: Polonuevo | H135: Polonuevo 08558
A136: Región Caribe | B136: 08 | C136: ATLÁNTICO | D136: =+E136&F136 -> 08634 | E136: 08 | F136: 634 | G136: Sabanagrande | H136: Sabanagrande 08634
A137: Región Caribe | B137: 08 | C137: ATLÁNTICO | D137: =+E137&F137 -> 08638 | E137: 08 | F137: 638 | G137: Sabanalarga | H137: Sabanalarga 08638
A138: Región Caribe | B138: 08 | C138: ATLÁNTICO | D138: =+E138&F138 -> 08675 | E138: 08 | F138: 675 | G138: Santa Lucía | H138: Santa Lucía 08675
A139: Región Caribe | B139: 08 | C139: ATLÁNTICO | D139: =+E139&F139 -> 08685 | E139: 08 | F139: 685 | G139: Santo Tomás | H139: Santo Tomás 08685
A140: Región Caribe | B140: 08 | C140: ATLÁNTICO | D140: =+E140&F140 -> 08758 | E140: 08 | F140: 758 | G140: Soledad | H140: Soledad 08758
... A149: Región Caribe | B149: 08 | C149: ATLÁNTICO | D149: =+E149&F149 -> 08137 | E149: 08 | F149: 137 | G149: Campo de La Cruz | H149: Campo de La Cruz 08137
A150: Región Centro Oriente | B150: 11 | C150: DISTRITO_CAPITAL | D150: =+E150&F150 -> 11001 | E150: 11 | F150: 001 | G150: Bogotá D.C. | H150: Bogotá D.C. 11001
A151: Región Centro Oriente | B151: 11 | C151: DIRECCIÓN_GENERAL | D151: =+E151&F151 -> 11001 | E151: 11 | F151: 001 | G151: Bogotá D.C. | H151: Bogotá D.C. 11001
A152: Región Caribe | B152: 13 | C152: BOLÍVAR | D152: =+E152&F152 -> 13268 | E152: 13 | F152: 268 | G152: El Peñón | H152: El Peñón 13268
A153: Región Caribe | B153: 13 | C153: BOLÍVAR | D153: =+E153&F153 -> 13006 | E153: 13 | F153: 006 | G153: Achí | H153: Achí 13006
A154: Región Caribe | B154: 13 | C154: BOLÍVAR | D154: =+E154&F154 -> 13042 | E154: 13 | F154: 042 | G154: Arenal | H154: Arenal 13042
A155: Región Caribe | B155: 13 | C155: BOLÍVAR | D155: =+E155&F155 -> 13052 | E155: 13 | F155: 052 | G155: Arjona | H155: Arjona 13052
A156: Región Caribe | B156: 13 | C156: BOLÍVAR | D156: =+E156&F156 -> 13062 | E156: 13 | F156: 062 | G156: Arroyohondo | H156: Arroyohondo 13062
A157: Región Caribe | B157: 13 | C157: BOLÍVAR | D157: =+E157&F157 -> 13140 | E157: 13 | F157: 140 | G157: Calamar | H157: Calamar 13140
A158: Región Caribe | B158: 13 | C158: BOLÍVAR | D158: =+E158&F158 -> 13160 | E158: 13 | F158: 160 | G158: Cantagallo | H158: Cantagallo 13160
A159: Región Caribe | B159: 13 | C159: BOLÍVAR | D159: =+E159&F159 -> 13188 | E159: 13 | F159: 188 | G159: Cicuco | H159: Cicuco 13188
A160: Región Caribe | B160: 13 | C160: BOLÍVAR | D160: =+E160&F160 -> 13212 | E160: 13 | F160: 212 | G160: Córdoba | H160: Córdoba 13212
A161: Región Caribe | B161: 13 | C161: BOLÍVAR | D161: =+E161&F161 -> 13222 | E161: 13 | F161: 222 | G161: Clemencia | H161: Clemencia 13222
A162: Región Caribe | B162: 13 | C162: BOLÍVAR | D162: =+E162&F162 -> 13248 | E162: 13 | F162: 248 | G162: El Guamo | H162: El Guamo 13248
A163: Región Caribe | B163: 13 | C163: BOLÍVAR | D163: =+E163&F163 -> 13430 | E163: 13 | F163: 430 | G163: Magangué | H163: Magangué 13430
A164: Región Caribe | B164: 13 | C164: BOLÍVAR | D164: =+E164&F164 -> 13433 | E164: 13 | F164: 433 | G164: Mahates | H164: Mahates 13433
A165: Región Caribe | B165: 13 | C165: BOLÍVAR | D165: =+E165&F165 -> 13440 | E165: 13 | F165: 440 | G165: Margarita | H165: Margarita 13440
A166: Región Caribe | B166: 13 | C166: BOLÍVAR | D166: =+E166&F166 -> 13458 | E166: 13 | F166: 458 | G166: Montecristo | H166: Montecristo 13458
A167: Región Caribe | B167: 13 | C167: BOLÍVAR | D167: =+E167&F167 -> 13468 | E167: 13 | F167: 468 | G167: Mompós | H167: Mompós 13468
A168: Región Caribe | B168: 13 | C168: BOLÍVAR | D168: =+E168&F168 -> 13473 | E168: 13 | F168: 473 | G168: Morales | H168: Morales 13473
... A184: Región Caribe | B184: 13 | C184: BOLÍVAR | D184: =+E184&F184 -> 13873 | E184: 13 | F184: 873 | G184: Villanueva | H184: Villanueva 13873
A185: Región Caribe | B185: 13 | C185: BOLÍVAR | D185: =+E185&F185 -> 13001 | E185: 13 | F185: 001 | G185: Cartagena | H185: Cartagena 13001
A186: Región Caribe | B186: 13 | C186: BOLÍVAR | D186: =+E186&F186 -> 13442 | E186: 13 | F186: 442 | G186: María la Baja | H186: María la Baja 13442
A187: Región Caribe | B187: 13 | C187: BOLÍVAR | D187: =+E187&F187 -> 13620 | E187: 13 | F187: 620 | G187: San Cristóbal | H187: San Cristóbal 13620
A188: Región Caribe | B188: 13 | C188: BOLÍVAR | D188: =+E188&F188 -> 13894 | E188: 13 | F188: 894 | G188: Zambrano | H188: Zambrano 13894
A189: Región Caribe | B189: 13 | C189: BOLÍVAR | D189: =+E189&F189 -> 13074 | E189: 13 | F189: 074 | G189: Barranco de Loba | H189: Barranco de Loba 13074
A190: Región Caribe | B190: 13 | C190: BOLÍVAR | D190: =+E190&F190 -> 13688 | E190: 13 | F190: 688 | G190: Santa Rosa del Sur | H190: Santa Rosa del Sur 13688
A191: Región Caribe | B191: 13 | C191: BOLÍVAR | D191: =+E191&F191 -> 13300 | E191: 13 | F191: 300 | G191: Hatillo de Loba | H191: Hatillo de Loba 13300
A192: Región Caribe | B192: 13 | C192: BOLÍVAR | D192: =+E192&F192 -> 13244 | E192: 13 | F192: 244 | G192: El Carmen de Bolívar | H192: El Carmen de Bolívar 13244
A193: Región Caribe | B193: 13 | C193: BOLÍVAR | D193: =+E193&F193 -> 13667 | E193: 13 | F193: 667 | G193: San Martín de Loba | H193: San Martín de Loba 13667
A194: Región Caribe | B194: 13 | C194: BOLÍVAR | D194: =+E194&F194 -> 13030 | E194: 13 | F194: 030 | G194: Altos del Rosario | H194: Altos del Rosario 13030
A195: Región Caribe | B195: 13 | C195: BOLÍVAR | D195: =+E195&F195 -> 13655 | E195: 13 | F195: 655 | G195: San Jacinto del Cauca | H195: San Jacinto del Cauca 13655
A196: Región Caribe | B196: 13 | C196: BOLÍVAR | D196: =+E196&F196 -> 13670 | E196: 13 | F196: 670 | G196: San Pablo de Borbur | H196: San Pablo de Borbur 13670
A197: Región Caribe | B197: 13 | C197: BOLÍVAR | D197: =+E197&F197 -> 13654 | E197: 13 | F197: 654 | G197: San Jacinto | H197: San Jacinto 13654
A198: Región Centro Oriente | B198: 15 | C198: BOYACÁ | D198: =+E198&F198 -> 15806 | E198: 15 | F198: 806 | G198: Tibasosa | H198: Tibasosa 15806
A199: Región Centro Oriente | B199: 15 | C199: BOYACÁ | D199: =+E199&F199 -> 15001 | E199: 15 | F199: 001 | G199: Tunja | H199: Tunja 15001
A200: Región Centro Oriente | B200: 15 | C200: BOYACÁ | D200: =+E200&F200 -> 15022 | E200: 15 | F200: 022 | G200: Almeida | H200: Almeida 15022
A201: Región Centro Oriente | B201: 15 | C201: BOYACÁ | D201: =+E201&F201 -> 15047 | E201: 15 | F201: 047 | G201: Aquitania | H201: Aquitania 15047
A202: Región Centro Oriente | B202: 15 | C202: BOYACÁ | D202: =+E202&F202 -> 15051 | E202: 15 | F202: 051 | G202: Arcabuco | H202: Arcabuco 15051
A203: Región Centro Oriente | B203: 15 | C203: BOYACÁ | D203: =+E203&F203 -> 15090 | E203: 15 | F203: 090 | G203: Berbeo | H203: Berbeo 15090
A204: Región Centro Oriente | B204: 15 | C204: BOYACÁ | D204: =+E204&F204 -> 15092 | E204: 15 | F204: 092 | G204: Betéitiva | H204: Betéitiva 15092
A205: Región Centro Oriente | B205: 15 | C205: BOYACÁ | D205: =+E205&F205 -> 15097 | E205: 15 | F205: 097 | G205: Boavita | H205: Boavita 15097
A206: Región Centro Oriente | B206: 15 | C206: BOYACÁ | D206: =+E206&F206 -> 15104 | E206: 15 | F206: 104 | G206: Boyacá | H206: Boyacá 15104
A207: Región Centro Oriente | B207: 15 | C207: BOYACÁ | D207: =+E207&F207 -> 15106 | E207: 15 | F207: 106 | G207: Briceño | H207: Briceño 15106
A208: Región Centro Oriente | B208: 15 | C208: BOYACÁ | D208: =+E208&F208 -> 15109 | E208: 15 | F208: 109 | G208: Buena Vista | H208: Buena Vista 15109
A209: Región Centro Oriente | B209: 15 | C209: BOYACÁ | D209: =+E209&F209 -> 15114 | E209: 15 | F209: 114 | G209: Busbanzá | H209: Busbanzá 15114
A210: Región Centro Oriente | B210: 15 | C210: BOYACÁ | D210: =+E210&F210 -> 15131 | E210: 15 | F210: 131 | G210: Caldas | H210: Caldas 15131
A211: Región Centro Oriente | B211: 15 | C211: BOYACÁ | D211: =+E211&F211 -> 15135 | E211: 15 | F211: 135 | G211: Campohermoso | H211: Campohermoso 15135
A212: Región Centro Oriente | B212: 15 | C212: BOYACÁ | D212: =+E212&F212 -> 15162 | E212: 15 | F212: 162 | G212: Cerinza | H212: Cerinza 15162
...
